 Dungeon Crawl Stone Soup version 0.29.1-1-gd02db6906a (webtiles) character file.

Game seed: 3478037231807509990

155 Icepheonix32 the Trooper (level 5, -5/47 HPs)
             Began as a Minotaur Fighter on Oct 6, 2022.
             Slain by Menkaure (13 damage)
             ... on level 4 of the Dungeon.
             The game lasted 00:02:54 (2866 turns).

Icepheonix32 the Trooper (Minotaur Fighter)         Turns: 2866, Time: 00:02:54

Health: -5/47      AC:  8    Str: 20    XL:     5   Next: 14%
Magic:  4/4        EV:  9    Int:  5    God:
Gold:   96         SH:  5    Dex: 12    Spells: 1/4 levels left

rFire   . . .      SeeInvis .   a - +0 war axe
rCold   . . .      Faith    .   c - +0 buckler
rNeg    . . .      Spirit   .   b - +0 scale mail
rPois   .          Reflect  .   (helmet restricted)
rElec   .          Harm     .   n - +0 cloak
rCorr   .          Rampage  .   (no gloves)
Will    .....                   (no boots)
Stlth   ..........              (no amulet)
HPRegen 0.15/turn               (no ring)
MPRegen 0.09/turn               (no ring)

@: mighty
A: horns 2, retaliatory headbutt
a: no special abilities


You were on level 4 of the Dungeon.
You visited 1 branch of the dungeon, and saw 4 of its levels.

You collected 96 gold pieces.

Inventory:

Hand Weapons
 a - a +0 war axe (weapon)
Missiles
 s - a throwing net (quivered)
Armour
 b - a +0 scale mail (worn)
 c - a +0 buckler (worn)
 n - a +0 cloak (worn)
Jewellery
 q - a ring of resist corrosion
Wands
 p - a wand of flame (16)
 r - a wand of roots (8)
Scrolls
 e - 2 scrolls of teleportation {unknown}
 f - 4 scrolls of identify {unknown}
 h - a scroll of amnesia {unknown}
 i - a scroll of enchant armour {unknown}
 j - a scroll of summoning {unknown}
 l - 2 scrolls of butterflies {unknown}
Potions
 d - a potion of might
 g - 4 potions of curing {unknown}
 k - a potion of degeneration {unknown}
 m - a potion of flight {unknown}
 o - a potion of brilliance {unknown}


   Skills:
 * Level 4.8 Fighting
 - Level 4.0 Axes
 + Level 4.5 Armour
 + Level 0.6 Dodging
 + Level 4.3 Shields
 * Level 0.7 Evocations


You had one spell level left.
You knew the following spells:

 Your Spells              Type           Power      Damage    Failure   Level
a - Confusing Touch       Hex            0%         N/A       99%         3

Your spell library contained the following spells:

 Spells                   Type           Power      Damage    Failure   Level
 Yara's Violent Unravell  Hex/Tmut       0%         3d3       100%        5
 Enfeeble                 Hex            0%         N/A       100%        7


Dungeon Overview and Level Annotations

Branches:
Dungeon (4/15)
 Temple: D:4-7

Altars:

Annotations:
D:3 3 runed translucent doors, hawla's ghost, amateur MeFE
D:4 Menkaure


Innate Abilities, Weirdness & Mutations

You have a pair of horns on your head.
You reflexively headbutt those who attack you in melee.


Message History

Could not explore, unopened runed door.
(D) Dungeon
Where to? (Enter - D:3, ? - help)
There is a stone staircase leading down here.
You climb downwards.
There is a stone staircase leading up here.
Found a club.
Menkaure, Prince of Dust comes into view.
Menkaure is nearby!
Menkaure is nearby!
Menkaure calls on the powers of darkness!
Your body is wracked with pain!
Menkaure hits you.
You hit Menkaure.
Menkaure is lightly damaged.
Menkaure hits you!
* * * LOW HITPOINT WARNING * * *
You are too injured to fight recklessly!
You are too injured to fight recklessly!
You are too injured to fight recklessly!
You are too injured to fight recklessly!
You are too injured to fight recklessly!
You are too injured to fight recklessly!
You are too injured to fight recklessly!
You are too injured to fight recklessly!
You are too injured to fight recklessly!
You are too injured to fight recklessly!
You are too injured to fight recklessly!
You are too injured to fight recklessly!
You are too injured to fight recklessly!
You are too injured to fight recklessly!
You are too injured to fight recklessly!
You are too injured to fight recklessly!
You are too injured to fight recklessly!
You are too injured to fight recklessly!
Unknown command.
You feel very mighty all of a sudden.
Menkaure draws the symbol "Udjat" in the dust.
Menkaure hits you!
You die...

######...
........########
#..........#
#)..######.#
##.## #.# #.#
#<# #.# #.# #.#
#.# #@# #.# #M#
#.# #.# #.# ...
... #.# ... #.#
..# ###


You could see Menkaure.

Vanquished Creatures
  An orc wizard (D:3)
  4 gnolls (D:3)
  4 adders (D:2)
  2 dart slugs
  3 orcs (D:3)
  2 endoplasms (D:1)
  2 giant cockroaches (D:2)
  2 goblins (D:1)
  3 hobgoblins
  6 jackals
  4 kobolds
  7 ball pythons
  3 bats
  4 frilled lizards
  8 rats
55 creatures vanquished.

Notes
Turn   | Place    | Note
-------+----------+-------------------------------------------
     0 | D:1      | Icepheonix32 the Minotaur Fighter began the quest for the
                  | Orb.
     0 | D:1      | Reached XP level 1. HP: 19/19 MP: 0/0
   267 | D:1      | Reached XP level 2. HP: 19/27 MP: 1/1
  1102 | D:2      | Reached XP level 3. HP: 30/34 MP: 2/2
  1705 | D:2      | Reached XP level 4. HP: 33/41 MP: 3/3
  2418 | D:3      | Reached XP level 5. HP: 39/47 MP: 4/4
  2540 | D:3      | Found a runed translucent gate.
  2540 | D:3      | Noticed hawla's ghost (amateur MeFE)
  2542 | D:3      | Found a runed translucent gate.
  2542 | D:3      | Found a runed translucent gate.
  2555 | D:3      | Learned a level 3 spell: Confusing Touch
  2860 | D:4      | Noticed Menkaure
  2866 | D:4      | Slain by Menkaure

Illustrated notes

Levels and vault maps discovered:
D:1:      dpeg_arrival_rooms_b, layout_loops_cross
D:2:      layout_basic, minmay_tetromino_s4
D:3:      layout_loops_ring, gammafunk_ghost_nasty_kobolds
D:4:      kennysheep_slugbush, layout_loops_ring,
          nicolae_overflow_hallway_of_the_gods, ebering_dispersal_statue_hall,
          st_stairs_14, uniq_menkaure, uniq_duvessa, uniq_natasha

Skill      XL: |  1  2  3  4 |
---------------+-------------+-----
Fighting       | 4 |  4.8
Axes           | 3 4 |  4.0
Armour         | 4 |  4.5
Shields        | 4 |  4.3
Dodging        | |  0.6
Evocations     | |  0.7

Action                   |  1- 3 |  4- 6 || total
-------------------------+-------+-------++-------
Melee: War axe           |   104 |    44 ||   148
       Headbutt          |    10 |     4 ||    14
  Use: Scroll            |       |     1 ||     1
       Potion            |       |     1 ||     1
Armor: Scale mail        |    59 |    14 ||    73
Dodge: Dodged            |    46 |    17 ||    63
Block: Buckler           |    13 |    10 ||    23
